 Dungeon Crawl Stone Soup version 0.21.1-1-g345015fe64 (webtiles) character file.

46905 LilDood the Unseen (level 14, -12/53 HPs)
             Began as a Spriggan Enchanter on June 25, 2018.
             Killed from afar by a rime drake (26 damage)
             ... with a flash freeze
             ... on level 6 of the Lair of Beasts on June 26, 2018.
             The game lasted 01:52:28 (21045 turns).

LilDood the Unseen (Spriggan Enchanter)            Turns: 21045, Time: 01:52:29

Health: -12/53     AC:  9    Str:  6    XL:     14   Next: 6%
Magic:  27/32      EV: 32    Int: 18    God:    Xom [...*..]
Gold:   2220       SH:  8    Dex: 23    Spells: 31/40 levels left

rFire    . . .     SeeInvis +   P - +2 dagger (venom)
rCold    + . .     Gourm    .   (shield restricted)
rNeg     . . .     Faith    .   M - +2 robe {Archmagi}
rPois    +         Spirit   .   (helmet restricted)
rElec    +         Reflect  +   (no cloak)
rCorr    .         Harm     .   (gloves unavailable)
MR       ++...                  (boots unavailable)
Stlth    +++++++++.             y - brooch of Shielding {Reflect SH+8}
HPRegen  0.17/turn              f - ring of stealth
MPRegen  0.23/turn              j - +3 ring of dexterity

@: very quick
A: very small, unfitting armour, icy blue scales 1, iridescent scales 1, thin
metallic scales 1, camouflage 1, see invisible, blink, cold resistance 1,
deformed body, herbivore, speed 3, frail 1, mutation resistance 1, poison
resistance, electricity resistance, slow metabolism 2, strong 1
a: Blink, Renounce Religion


You were on level 6 of the Lair of Beasts.
You worshipped Xom.
You were a favourite toy of Xom.
You were hungry.

You visited 2 branches of the dungeon, and saw 18 of its levels.

You collected 2330 gold pieces.
You spent 110 gold pieces at shops.

Inventory:

Hand Weapons
 C - a +0 dagger
 H - a +1 dagger of freezing
 P - a +2 dagger of venom (weapon)
Armour
 M - a +2 robe of the Archmagi (worn)
Jewellery
 f - a ring of stealth (left hand)
 j - a +3 ring of dexterity (right hand)
 n - an uncursed ring of resist corrosion
 y - the brooch of Shielding (around neck) {Reflect SH+8}
   (You found it on level 11 of the Dungeon)

   [amulet of reflection]

   It shields you and reflects attacks.
   It affects your SH (+8).
Wands
 a - a wand of enslavement (29)
 h - a wand of polymorph (25)
 r - a wand of iceblast (6)
 x - a wand of digging (14)
 E - a wand of flame (42)
 J - a wand of paralysis (11)
 L - a wand of disintegration (16)
 Q - a wand of scattershot (7)
 V - a wand of clouds (3)
Scrolls
 b - 4 scrolls of teleportation
 i - a scroll of enchant armour
 k - 8 scrolls of remove curse
 l - 10 scrolls of identify
 m - 5 scrolls of fear
 q - 3 scrolls of immolation
 u - 3 scrolls of amnesia
 v - 2 scrolls of magic mapping {unknown}
 w - 4 scrolls of fog
 I - a scroll of blinking
 W - a scroll of silence {unknown}
Potions
 e - 5 potions of lignification {unknown}
 g - a potion of flight {unknown}
 o - 8 potions of curing
 p - a potion of ambrosia {unknown}
 s - 4 potions of mutation {unknown}
 t - 3 potions of magic {unknown}
 z - 3 potions of might {unknown}
 A - 3 potions of invisibility
 B - 4 potions of agility
 F - 4 potions of resistance
 G - a potion of cancellation {unknown}
 N - 3 potions of berserk rage {unknown}
 O - a potion of degeneration {unknown}
 R - 3 potions of heal wounds
 X - 2 potions of haste
Books
 c - a book of Maledictions

   Spells                             Type                      Level
   a - Corona                         Hexes                        1
   b - Ensorcelled Hibernation        Hexes/Ice                    2
   c - Confuse                        Hexes                        3
   d - Tukima's Dance                 Hexes                        3
   e - Dazzling Spray                 Conjuration/Hexes            3
 K - a book of Geomancy

   Spells                             Type                      Level
   a - Sandblast                      Earth                        1
   b - Passwall                       Transmutation/Earth          2
   c - Stone Arrow                    Conjuration/Earth            3
   d - Petrify                        Transmutation/Earth          4
   e - Lee's Rapid Deconstruction     Earth                        5
 U - a book of Necromancy

   Spells                             Type                      Level
   a - Pain                           Necromancy                   1
   b - Animate Skeleton               Necromancy                   1
   c - Vampiric Draining              Necromancy                   3
   d - Regeneration                   Charms/Necromancy            3
   e - Animate Dead                   Necromancy                   4
   f - Borgnjor's Vile Clutch         Necromancy/Earth             5
Miscellaneous
 D - a fan of gales
 S - a phial of floods
 T - a phial of floods
Comestibles
 d - 27 rations


   Skills:
 + Level 12.6 Short Blades
 + Level 13.7 Dodging
 + Level 16.0 Stealth
 * Level 13.8 Spellcasting
 * Level 13.9 Hexes


You had 31 spell levels left.
You knew the following spells:

 Your Spells              Type           Power        Failure   Level  Hunger
a - Corona                Hex            #######      1%          1    None
b - Ensorcelled Hibernat  Hex/Ice        ######       1%          2    None
c - Confuse               Hex            #######.     1%          3    None
d - Dazzling Spray        Conj/Hex       ######       1%          3    None


Dungeon Overview and Level Annotations

Branches:
Dungeon (12/15)            Temple (0/1) D:5            Lair (6/6) D:8
  Swamp (0/4) Lair:2        Snake (0/4) Lair:2          Orc (0/2) D:12
  Slime: Lair:5-6

Altars:
Elyvilon
Fedhas
Hepliaklqana
Makhleb
Okawaru
Qazlal
Ru
Sif Muna
Xom
Yredelemnul

Shops:
D:4 [   D:5 *   D:7 *:!%(

Portals:
Trove: D:11 (give +4 ice dragon scales)

Annotations:
D:4 Dowan, Duvessa
D:5 2 exclusions, Pikel
D:10 Gastronok, Harold
Lair:6 exclusion: oklob plant


Innate Abilities, Weirdness & Mutations

You are very small and have problems with some larger weapons.
You are too small for most types of armour.
You have supernaturally acute eyesight. (SInv)
You are a herbivore.
You cover ground extremely quickly.
You need consume almost no food.
You are partially covered in icy blue scales. (AC +2)
You are partially covered in iridescent scales. (AC +2)
You are partially covered in thin metallic scales. (AC +2)
Your skin changes colour to match your surroundings (Stealth+).
You can translocate small distances at will.
Your flesh is cold resistant. (rC+)
Armour fits poorly on your strangely shaped body.
You are frail. (-10% HP)
You are somewhat resistant to further mutation.
Your system is resistant to poisons. (rPois)
You are resistant to electric shocks. (rElec)
Your muscles are strong. (Str +2)


Message History

Aim: a water moccasin (lightly wounded, poisoned, softly glowing)
You feel a surge of power!
The spray of energy hits the water moccasin.
The water moccasin is moderately wounded.
The spray of energy hits the water moccasin.
The water moccasin is heavily wounded.
The water moccasin is dazzled.
The spray of energy hits the water moccasin.
The water moccasin is almost dead.
The water moccasin is dazzled.
The water moccasin misses you. The spiny frog closely misses you.
You closely miss the water moccasin.
The water moccasin is heavily wounded.
The water moccasin misses you. The rime drake completely misses you.
The spiny frog completely misses you.
The dream sheep ruffles its wool and motes of dream dust sparkle, to no effect.
The rime drake breathes ice at you. The flash freeze hits you!
You partially resist.
You die...
Xom laughs nastily!

...P.PP#...............#
.###...######...........P#
##...### ##............
.....## #..........#..
..P.#.# ####.............
..##### #.##.............
..########.#............#
..P.##...#.............#
...P............@....##.
##...........S.......#.#
.###............kFS...#
.........÷..........###
................Y..##
..P..............#.#
.....≈≈≈≈≈........##
##...≈#####....##.#
##...≈#.÷......####


You could see a spiny frog, a rime drake, 2 water moccasins and a dream sheep.

Vanquished Creatures
  A sphinx (Lair:5)
  The ghost of Engwar the Brawler, a journeyman GrMo of Wu Jian (Lair:4)
  6 hydras
  A catoblepas (Lair:6)
  3 two-headed ogres
  Nergalle (Lair:2)
  A cyclops (D:12)
  3 ugly things
  A salamander (Lair:3)
  Joseph (D:10)
  8 black mambas
  7 spiny frogs
  A torpor snail (Lair:3)
  16 rime drakes
  8 komodo dragons
  A freezing wraith (D:11)
  A polar bear (Lair:4)
  A troll (D:12)
  A hornet (D:10)
  9 dream sheep
  21 blink frogs
  8 hippogriffs
  12 wyverns
  25 yaks
  4 hogs (Lair:5)
  3 basilisks
  13 steam dragons
  A hungry ghost (D:7)
  2 wargs (D:8)
  An acid dragon (Lair:2)
  2 soldier ants (D:10)
  A naga (D:8)
  15 water moccasins
  17 porcupines
  3 phantoms (D:6)
  4 orc warriors
  2 ice beasts
  3 sky beasts
  10 wolves
  4 ogres
  2 centaurs
  4 crocodiles
  11 bullfrogs
  A big kobold (D:12)
  A wyvern zombie (D:9)
  2 scorpions
  5 wights (D:11)
  3 killer bees (D:11)
  An electric eel (Lair:2)
  3 howler monkeys
  2 centaur zombies
  A bullfrog zombie (D:12)
  3 crimson imps
  A quasit (D:6)
  7 hounds
  2 jellies
  10 orc priests
  12 orc wizards
  3 bullfrog skeletons
  Terence (D:2)
  3 iguanas
  6 worker ants
  A killer bee zombie (D:6)
  A worker ant zombie (D:11)
  2 howler monkey skeletons (D:6)
  21 adders
  3 shadow imps
  An ooze (D:6)
  3 adder skeletons
  4 worms
  3 dart slugs
  10 leopard geckos
  37 orcs
  4 ball pythons
  4 bats
  5 giant cockroaches
  2 gnoll zombies (D:7)
  4 goblins
  3 hobgoblins (D:2)
  13 jackals
  11 kobolds
  6 quokkas
  3 frilled lizards
  A jackal skeleton (D:4)
  A jackal zombie (D:8)
  6 rats
456 creatures vanquished.

Vanquished Creatures (collateral kills)
  An ugly thing (D:12)
  An orc warrior (D:6)
  An ice beast (D:6)
  A crimson imp (D:6)
  An orc wizard (D:7)
  2 orcs (D:6)
  A quokka (D:6)
  A leopard gecko skeleton (D:6)
9 creatures vanquished.

Vanquished Creatures (others)
  A dream sheep (Lair:3)
  2 yaks (D:9)
  A sky beast (D:11)
  13 fungi (Lair:6)
  13 plants (Lair:6)
30 creatures vanquished.

Grand Total: 495 creatures vanquished

Notes
Turn   | Place    | Note
-------+----------+-------------------------------------------
     0 | D:1      | LilDood the Spriggan Enchanter began the quest for the Orb.
     0 | D:1      | Reached XP level 1. HP: 9/9 MP: 5/5
   159 | D:1      | Reached XP level 2. HP: 9/13 MP: 6/6
   287 | D:1      | Learned a level 2 spell: Ensorcelled Hibernation
  1023 | D:1      | Reached skill level 5 in Stealth
  1023 | D:1      | Reached XP level 3. HP: 15/16 MP: 2/8
  1216 | D:2      | Found a sacrificial altar of Ru.
  1216 | D:2      | Found a white marble altar of Elyvilon.
  1223 | D:2      | Found a stormy altar of Qazlal.
  1228 | D:2      | Found a blossoming altar of Fedhas.
  1229 | D:2      | Found a burning altar of Makhleb.
  1270 | D:2      | Found a hazy altar of Hepliaklqana.
  1275 | D:2      | Found a shimmering altar of Xom.
  1275 | D:2      | Noticed an unseen horror
  1276 | D:2      | Noticed an unseen horror
  1276 | D:2      | Noticed a spectral ugly thing
  1371 | D:2      | Became a worshipper of Xom of Chaos
  1424 | D:2      | XOM: silly message
  1449 | D:2      | XOM: silly message
  1621 | D:2      | XOM: butterfly on damage
  1813 | D:2      | Learned a level 3 spell: Confuse
  1832 | D:2      | Reached XP level 4. HP: 21/21 MP: 4/9
  1981 | D:2      | XOM: give mutations
  1981 | D:2      | Gained mutation: You are partially covered in icy blue scales. (AC +2) [Xom's grace]
  1981 | D:2      | Gained mutation: You are partially covered in thin metallic scales. (AC +2) [Xom's grace]
  1981 | D:2      | Gained mutation: Your system is resistant to poisons. (rPois) [Xom's grace]
  2088 | D:2      | XOM: fog
  2093 | D:2      | Reached skill level 6 in Stealth
  2151 | D:2      | XOM: god gift: wand of iceblast (6)
  2232 | D:2      | Reached XP level 5. HP: 23/24 MP: 8/11
  2242 | D:2      | XOM: scenery: create altars
  2270 | D:2      | Noticed Terence
  2402 | D:2      | Killed Terence
  2774 | D:3      | Found a faded altar of an unknown god.
  2973 | D:3      | XOM is BORED!
  2973 | D:3      | XOM: medium Hex miscast
  3499 | D:4      | Reached skill level 7 in Stealth
  3513 | D:4      | XOM: scenery: create altars
  3514 | D:4      | Noticed Dowan
  3570 | D:4      | Reached XP level 6. HP: 28/28 MP: 12/12
  3643 | D:4      | Found an iron altar of Okawaru.
  3647 | D:4      | XOM: harmless Conj miscast
  3658 | D:4      | XOM: god gift: fan of gales
  3662 | D:4      | XOM: enchant monster (good)
  3670 | D:4      | XOM: fog
  3675 | D:4      | XOM: divination: detect items
  3795 | D:4      | XOM: 1-stop teleportation journey
  3933 | D:4      | Found Vaca's Antique Armour Emporium.
  3933 | D:4      | XOM: divination: detect creatures
  4089 | D:4      | Noticed Duvessa
  4124 | D:5      | Entered Level 5 of the Dungeon
  4127 | D:5      | Found Vets's Assorted Antiques.
  4302 | D:5      | Reached skill level 5 in Dodging
  4368 | D:5      | Found a staircase to the Ecumenical Temple.
  4422 | D:5      | Noticed a slave
  4424 | D:5      | Noticed Pikel
  4432 | D:5      | Noticed a slave
  4453 | D:5      | Reached skill level 5 in Hexes
  4496 | D:5      | Noticed a slave
  4517 | D:5      | XOM: potion effect (might)
  4637 | D:5      | Reached skill level 8 in Stealth
  4675 | D:5      | Reached XP level 7. HP: 32/32 MP: 12/14
  4781 | D:5      | Found a deep blue altar of Sif Muna.
  4848 | D:5      | XOM: severe Tmut miscast
  4901 | D:5      | Gained mutation: Armour fits poorly on your strangely shaped body. [mutagenic glow]
  4981 | D:5      | Gained mutation: Your body sometimes deteriorates upon taking damage. [mutagenic glow]
  5069 | D:6      | Gained mutation: You occasionally shout uncontrollably at your foes. [mutagenic glow]
  5200 | D:6      | XOM: divination: detect creatures
  5536 | D:6      | XOM: enchant monster (good)
  5540 | D:6      | Reached skill level 9 in Stealth
  5562 | D:6      | XOM: confuse monster(s)
  5787 | D:6      | Reached skill level 5 in Spellcasting
  5844 | D:6      | Found a large runed door.
  5844 | D:6      | Found a large runed door.
  5846 | D:6      | Reached XP level 8. HP: 36/36 MP: 16/16
  5916 | D:6      | XOM: cast spell 'Summon Dragon'
  5959 | D:6      | XOM: give mutations
  5959 | D:6      | Gained mutation: Your skin changes colour to match your surroundings (Stealth+). [Xom's grace]
  5959 | D:6      | Gained mutation: You are somewhat resistant to further mutation. [Xom's grace]
  5985 | D:6      | Found a large runed door.
  5985 | D:6      | Found a large runed door.
  6008 | D:6      | Reached skill level 10 in Stealth
  6030 | D:6      | Noticed a two-headed ogre
  6045 | D:6      | Killed a two-headed ogre
  6105 | D:6      | XOM: 5-stop teleportation journey
  6241 | D:6      | XOM: give mutation
  6241 | D:6      | Gained mutation: Your muscles are strong. (Str +2) [Xom's grace]
  6263 | D:6      | Reached skill level 5 in Short Blades
  6418 | D:6      | Found the +11 mace of Variability {chaos}
  6426 | D:6      | XOM: harmless Ice miscast
  6435 | D:6      | XOM: scenery: create altars
  6450 | D:6      | XOM: polymorph orc wizard -> worker ant
  6456 | D:6      | XOM: enchant monster (good)
  6498 | D:6      | XOM: scenery: create altars
  6519 | D:6      | XOM: medium Summ miscast
  6533 | D:6      | XOM: give mutations
  6533 | D:6      | Gained mutation: You are agile. (Dex +2) [Xom's grace]
  6533 | D:6      | Gained mutation: You can translocate small distances at will. [Xom's grace]
  6533 | D:6      | Gained mutation: You are partially covered in iridescent scales. (AC +2) [Xom's grace]
  6533 | D:6      | Gained mutation: You have a pair of small horns on your head. [Xom's grace]
  6760 | D:6      | XOM: god gift: 17 sling bullets
  6846 | D:7      | Found Pivausagg's Antique Weapon Shoppe.
  6852 | D:7      | XOM: summons 2 friendly demons
  6853 | D:7      | Found Okentamp's Distillery.
  6853 | D:7      | Found Tefracw's Assorted Antiques.
  6853 | D:7      | XOM: 5-stop teleportation journey
  6934 | D:7      | Reached XP level 9. HP: 38/39 MP: 10/20
  7141 | D:7      | XOM: god gift: scroll labeled XEOWEO AVAJI {god gift}
  7210 | D:7      | Found Omyfroc's Book Shop.
  7216 | D:7      | Bought a potion of heal wounds for 55 gold pieces
  7216 | D:7      | Bought a potion of heal wounds for 55 gold pieces
  7342 | D:7      | Found Sihikaes's Food Boutique.
  7397 | D:7      | XOM: scenery: create altars
  7503 | D:7      | Found a basalt altar of Yredelemnul.
  7626 | D:7      | XOM is BORED!
  7635 | D:7      | XOM: 1-stop teleportation journey
  7694 | D:7      | XOM: divination: magic mapping
  7787 | D:7      | Learned a level 3 spell: Dazzling Spray
  7806 | D:8      | Noticed a two-headed ogre
  7812 | D:8      | XOM: enchant monster (bad)
  7832 | D:8      | XOM: harmless Summ miscast
  7841 | D:8      | Killed a two-headed ogre
  7841 | D:8      | Reached skill level 11 in Stealth
  8388 | D:8      | XOM: summons 4 hostile demons
  8520 | D:8      | Found a staircase to the Lair.
  8540 | D:8      | XOM: cleaving
  8541 | D:8      | XOM: harmless Tloc miscast
  8546 | D:8      | XOM: butterfly on damage
  8605 | D:8      | XOM: harmless Pois miscast
  8683 | D:8      | XOM: scenery: 1 doors close
  8804 | D:8      | XOM: cast spell 'Chain of Chaos'
  8814 | D:8      | XOM: 8-stop teleportation journey
  8832 | D:8      | XOM: mild Summ miscast
  9119 | D:8      | XOM: polymorph orc warrior -> naga
  9538 | D:9      | XOM: scenery: create altars
  9635 | D:9      | XOM is BORED!
  9635 | D:9      | XOM: mild Hex miscast
  9685 | D:9      | Reached XP level 10. HP: 44/44 MP: 19/23
  9975 | D:9      | XOM: scenery: create altars
  9988 | D:9      | XOM: butterfly on damage
  9995 | D:9      | XOM: divine lightning
 10051 | D:9      | XOM: god gift: ration
 10249 | D:9      | XOM: divination: detect items
 10349 | D:9      | XOM: god gift: runed rapier {god gift}
 10394 | D:10     | Entered Level 10 of the Dungeon
 10470 | D:10     | Noticed Joseph
 10679 | D:9      | XOM: god gift: runed rapier {god gift}
 10750 | D:10     | Noticed Gastronok
 10846 | D:10     | XOM: give mutations
 10846 | D:10     | Gained mutation: You are resistant to electric shocks. (rElec) [Xom's grace]
 10846 | D:10     | Gained mutation: You have large cloven feet. [Xom's grace]
 10846 | D:10     | Gained mutation: You are very agile. (Dex +4) [Xom's grace]
 10846 | D:10     | Gained mutation: You have a pair of horns on your head. [Xom's grace]
 10914 | D:10     | Killed Joseph
 10986 | D:10     | XOM: cleaving
 11390 | D:10     | XOM: give mutations
 11390 | D:10     | Lost mutation: You have large cloven feet. [Xom's mischief]
 11390 | D:10     | Lost mutation: You have a pair of horns on your head. [Xom's mischief]
 11390 | D:10     | Lost mutation: You occasionally shout uncontrollably at your foes. [Xom's mischief]
 11390 | D:10     | Lost mutation: You have a pair of small horns on your head. [Xom's mischief]
 11454 | D:10     | Noticed Harold
 11511 | D:10     | XOM: mild Chrm miscast
 11555 | D:10     | XOM: harmless Pois miscast
 11773 | D:11     | XOM: mild Fire miscast
 11873 | D:11     | XOM: harmless Fire miscast
 12285 | D:11     | Reached skill level 12 in Stealth
 12296 | D:11     | XOM: silly message
 12304 | D:11     | Reached skill level 10 in Hexes
 12307 | D:11     | XOM: noise
 12441 | D:11     | XOM: harmless Hex miscast
 12500 | D:11     | Found the brooch of Shielding {Reflect SH+8}
 12505 | D:11     | XOM: enchant monster (good)
 12507 | D:11     | XOM: noise
 12863 | D:11     | Noticed a two-headed ogre
 12868 | D:11     | Killed a two-headed ogre
 12868 | D:11     | Reached skill level 10 in Spellcasting
 13036 | D:11     | Found a portal to a secret trove of treasure.
 13241 | D:11     | XOM: mild Ice miscast
 13246 | D:11     | XOM: god gift: 850 gold pieces
 13249 | D:11     | XOM: polymorph shadow imp -> crimson imp
 13263 | D:11     | XOM: confuse monster(s)
 13264 | D:11     | XOM: potion effect (might)
 13269 | D:11     | Noticed a purple ugly thing
 13281 | D:11     | XOM: potion effect (magic)
 13283 | D:11     | XOM: divination: detect creatures
 13286 | D:11     | Killed a purple ugly thing
 13286 | D:11     | Reached XP level 11. HP: 47/47 MP: 26/26
 13293 | D:11     | XOM: cast spell 'Leda's Liquefaction'
 13448 | D:11     | XOM: harmless Chrm miscast
 13493 | D:12     | Reached skill level 10 in Dodging
 13535 | D:12     | Noticed a white ugly thing
 13540 | D:12     | XOM: cast spell 'Metabolic Englaciation'
 13548 | D:12     | Killed a white ugly thing
 13592 | D:12     | XOM: cloud trail
 13639 | D:12     | XOM: confuse monster(s)
 13685 | D:12     | Noticed a red ugly thing
 13699 | D:12     | XOM: fog
 13703 | D:12     | XOM: enchant monster (good)
 13740 | D:12     | XOM: fake destruction
 13764 | D:12     | XOM: summons 4 friendly demons
 13770 | D:12     | Killed a red ugly thing
 13847 | D:12     | Noticed a purple ugly thing
 13848 | D:12     | Noticed a five-headed hydra
 13862 | D:12     | XOM: fake destruction
 13872 | D:12     | Killed a purple ugly thing
 13908 | D:12     | XOM: confusion
 13918 | D:12     | XOM: fog
 13924 | D:12     | XOM: harmless Fire miscast
 13927 | D:12     | XOM: cast spell 'Statue Form'
 13930 | D:12     | Killed a five-headed hydra
 13930 | D:12     | Reached skill level 13 in Stealth
 13985 | D:12     | Found a staircase to the Orcish Mines.
 14108 | D:12     | XOM: polymorph jelly -> bullfrog
 14242 | D:8      | XOM: medium Hex miscast
 14316 | Lair:1   | Entered Level 1 of the Lair of Beasts
 14318 | Lair:1   | Noticed a six-headed hydra
 14326 | Lair:1   | Killed a six-headed hydra
 14444 | Lair:1   | XOM: give mutation
 14444 | Lair:1   | Gained mutation: You are frail. (-10% HP) [Xom's mischief]
 14731 | Lair:1   | XOM: butterfly on damage
 14970 | Lair:1   | XOM: give mutations
 14970 | Lair:1   | Gained mutation: Your muscles are very strong. (Str +4) [Xom's grace]
 14970 | Lair:1   | Gained mutation: You possess an exceptional clarity of mind. [Xom's grace]
 14970 | Lair:1   | Gained mutation: Your flesh is cold resistant. (rC+) [Xom's grace]
 15241 | Lair:1   | XOM: harmless Erth miscast
 15267 | Lair:1   | Reached XP level 12. HP: 45/45 MP: 23/28
 15282 | Lair:1   | XOM: noise
 15293 | Lair:1   | Reached skill level 10 in Short Blades
 15691 | Lair:2   | Found a staircase to the Swamp.
 15722 | Lair:2   | Noticed Nergalle
 15744 | Lair:2   | Noticed a six-headed hydra
 15764 | Lair:2   | XOM: confuse monster(s)
 15765 | Lair:2   | Killed a six-headed hydra
 15778 | Lair:2   | Killed Nergalle
 15778 | Lair:2   | Reached skill level 14 in Stealth
 15905 | Lair:2   | XOM: divination: detect creatures
 15942 | Lair:2   | Found a staircase to the Snake Pit.
 16034 | Lair:2   | XOM: divination: detect items
 16046 | Lair:2   | XOM: potion effect (invisibility)
 16048 | Lair:2   | XOM: summons friendly ufetubus
 16061 | Lair:2   | XOM: confuse monster(s)
 16078 | Lair:2   | XOM: summons friendly iron imp
 16079 | Lair:2   | XOM: potion effect (agility)
 16094 | Lair:2   | XOM: confuse monster(s)
 16104 | Lair:2   | XOM: harmless Hex miscast
 16374 | Lair:2   | XOM: give mutations
 16374 | Lair:2   | Lost mutation: You possess an exceptional clarity of mind. [Xom's mischief]
 16374 | Lair:2   | Lost mutation: Your muscles are very strong. (Str +4) [Xom's mischief]
 16374 | Lair:2   | Lost mutation: You are very agile. (Dex +4) [Xom's mischief]
 16374 | Lair:2   | Lost mutation: Your body sometimes deteriorates upon taking damage. [Xom's mischief]
 16468 | Lair:2   | XOM: give mutation
 16468 | Lair:2   | Lost mutation: You are agile. (Dex +2) [Xom's mischief]
 16853 | Lair:2   | XOM: repel stairs
 16860 | Lair:2   | XOM: enchant monster (bad)
 16861 | Lair:2   | XOM: confusion (+ monsters)
 17089 | Lair:3   | Noticed a seven-headed hydra
 17096 | Lair:3   | Killed a seven-headed hydra
 17118 | Lair:3   | XOM: scenery: create altars
 17123 | Lair:3   | XOM: enchant monster (bad)
 17127 | Lair:3   | XOM: divination: detect creatures
 17335 | Lair:3   | XOM: 3-stop teleportation journey
 17347 | Lair:3   | XOM: mild Air miscast
 17354 | Lair:3   | XOM: confuse monster(s)
 17372 | Lair:3   | XOM: blink monster(s)
 17378 | Lair:3   | XOM: destruction
 17394 | Lair:3   | XOM: polymorph dream sheep -> salamander
 17400 | Lair:3   | XOM: cast spell 'Ring of Flames'
 17406 | Lair:3   | XOM: cast spell 'Summon Small Mammal'
 17410 | Lair:3   | HP: 2/45 [salamander (11)]
 17410 | Lair:3   | XOM: butterfly on damage
 17415 | Lair:3   | XOM: harmless Pois miscast
 17426 | Lair:3   | Reached XP level 13. HP: 19/49 MP: 7/30
 17448 | Lair:3   | XOM: cloud trail
 17516 | Lair:3   | XOM: silly message
 17557 | Lair:3   | XOM: divination: magic mapping
 17575 | Lair:3   | Reached skill level 15 in Stealth
 17793 | Lair:3   | XOM: cloud trail
 18128 | Lair:4   | Noticed Engwar's ghost (journeyman GrMo)
 18142 | Lair:4   | Killed Engwar's ghost
 18341 | Lair:4   | XOM: divination: magic mapping
 18355 | Lair:4   | XOM: harmless Conj miscast
 19014 | Lair:5   | XOM: confusion
 19116 | Lair:5   | XOM: scenery: create altars
 19268 | Lair:5   | Noticed Kirke
 19270 | Lair:5   | XOM: confusion
 19291 | Lair:5   | XOM: swap monsters
 19304 | Lair:5   | XOM: fake destruction
 19310 | Lair:5   | XOM: summons 5 friendly demons
 19326 | Lair:5   | XOM: summons 3 hostile shadow creatures
 19333 | Lair:5   | XOM: summons friendly hellwing
 19334 | Lair:5   | XOM: fog
 19525 | Lair:5   | Noticed Kirke
 19525 | Lair:5   | Kirke changed into Kirke the sphinx
 19525 | Lair:5   | XOM: polymorph Kirke -> Kirke the sphinx
 19541 | Lair:5   | Killed Kirke the sphinx
 19641 | Lair:5   | XOM: cloud trail
 19946 | Lair:5   | XOM: scenery: create altars
 20043 | Lair:6   | Entered Level 6 of the Lair of Beasts
 20108 | Lair:5   | XOM: mild Hex miscast
 20379 | Lair:6   | XOM: swap monsters
 20382 | Lair:6   | XOM: confusion
 20393 | Lair:6   | XOM: potion effect (magic)
 20407 | Lair:6   | Found a frozen archway.
 20407 | Lair:6   | XOM: 8-stop teleportation journey
 20416 | Lair:6   | XOM: mild Fire miscast
 20444 | Lair:6   | XOM: medium Erth miscast
 20444 | Lair:6   | XOM: smoke on damage
 20564 | Lair:6   | XOM: swap monsters
 20666 | Lair:6   | XOM: enchant monster (bad)
 20678 | Lair:6   | XOM: cleaving
 20680 | Lair:6   | XOM: enchant monster (bad)
 20741 | Lair:6   | XOM: noise
 20767 | Lair:6   | XOM: confusion
 20792 | Lair:6   | XOM: confusion (+ monsters)
 20821 | Lair:6   | XOM: swap monsters
 20824 | Lair:6   | XOM: enchant monster (bad)
 20842 | Lair:6   | Reached XP level 14. HP: 28/53 MP: 9/32
 20904 | Lair:6   | XOM: cast spell 'Alistair's Intoxication'
 20952 | Lair:6   | Reached skill level 16 in Stealth
 20988 | Lair:6   | XOM: harmless Chrm miscast
 21002 | Lair:6   | XOM: swap monsters
 21008 | Lair:6   | XOM: swap monsters
 21011 | Lair:6   | XOM: enchant monster (bad)
 21021 | Lair:6   | XOM: swap monsters
 21037 | Lair:6   | XOM: fake destruction
 21045 | Lair:6   | Killed from afar by a rime drake

Skill      XL: |  1  2  3  4  5  6  7  8  9 10 11 12 13 14 |
---------------+-------------------------------------------+-----
Stealth        | 5 6 7 8 9 10 11 12 13 14 15 16 | 16.0
Spellcasting   | 3 4 5 6 8 10 11 12 13 | 13.8
Short Blades   | 2 3 4 5 6 7 9 11 12 | 12.6
Hexes          | 4 5 7 9 10 11 12 13 | 13.9
Dodging        | 4 5 6 7 8 9 11 12 13 | 13.7

Action                   |  1- 3 |  4- 6 |  7- 9 | 10-12 | 13-15 || total
-------------------------+-------+-------+-------+-------+-------++-------
Melee: Dagger            |   147 |   187 |   411 |   557 |   295 ||  1597
       Headbutt          |       |       |    56 |    26 |       ||    82
       Kick              |       |       |       |    14 |       ||    14
 Cast: Ensorcelled Hiber |    13 |    36 |    28 |    21 |    18 ||   116
       Confuse           |       |    10 |    44 |   100 |    76 ||   230
       Dazzling Spray    |       |       |     3 |     7 |     7 ||    17
Evoke: Fan of gales      |       |       |     1 |       |       ||     1
  Use: Scroll            |       |       |     5 |    12 |       ||    17
       Potion            |       |       |     1 |     2 |       ||     3
 Stab: Sleeping          |    15 |    33 |    27 |    49 |    38 ||   162
       Confused          |       |     5 |    21 |    71 |    55 ||   152
       Distracted        |       |     1 |     7 |     6 |     3 ||    17
       Paralysed         |       |       |     1 |       |       ||     1
       Invisible         |       |       |     3 |    15 |     1 ||    19
  Eat: Ration            |       |     2 |     4 |     4 |     2 ||    12
Armor: Robe              |     8 |    22 |    58 |    26 |    11 ||   125
Dodge: Dodged            |   126 |   134 |   399 |   355 |   227 ||  1241
Block: Other             |       |       |       |    84 |    74 ||   158
       Reflection        |       |       |       |     3 |       ||     3
